AoeStats
← Dantegutsh

Arena

510027516Analyzed
4v4 RM · 3d ago on Sep 29, 2026· 31m 7s· 8 players
Game mode
Random Map
Map size
Large (8 player)
Population
200
Speed
Normal
Resources
Standard
Victory
Conquest
Starting age
Dark Age
Ending age
Imperial Age
RankedLock teamsTeams togetherTeam positionsShared explorationLock speedFull tech treeHidden civsTurbo modeCheats
Victory
Defeat
1418
+13
🇲🇽 Gurjaras · Mexico
1403
+14
🇺🇸 Italians · United States
1380
+15
🇨🇴 Bohemians · Colombia
1191
+21
🇲🇽 Malay · Mexico
1590
-26
🇲🇽 Italians · Mexico
1283
-13
🇲🇽 Khmer · Mexico
1262
-12
🇲🇽 Celts · Mexico
1250
-12
HappyHalb
10:01 Feudal Age
14:14 Castle Age
13:46 Double-Bit Axe
13:45 Horse Collar
15:38 Bow Saw
23:05 Fortified Wall
24:07 Fletching
25:01 Bodkin Arrow
26:59 Ballistics
29:04 Wheelbarrow
28:22 Stone Mining
33:40 Imperial Age
31:29 Padded Archer Armor
Dantegutsh
9:18 Feudal Age
13:15 Castle Age
13:58 Double-Bit Axe
14:46 Loom
17:06 Bow Saw
21:13 Bloodlines
21:04 Husbandry
23:17 Scale Barding Armor
28:49 Chain Barding Armor
pipegarcial
10:51 Feudal Age
15:05 Castle Age
13:49 Horse Collar
13:57 Double-Bit Axe
17:45 Chemistry
17:52 Bow Saw
30:33 Pikeman
坐边打一波就跑
3:39 Double-Bit Axe
6:25 Horse Collar
11:26 Feudal Age
10:17 Gold Mining
15:35 Castle Age
13:50 Heavy Plow
14:02 Bow Saw
17:10 Crop Rotation
19:13 Gold Shaft Mining
19:52 Loom
19:38 Cavalier
20:15 Town Watch
22:03 Husbandry
22:12 Scale Barding Armor
24:36 Chain Barding Armor
30:07 Stone Mining
32:52 Imperial Age
[COBRA] Nelson Damianco
10:29 Feudal Age
15:15 Castle Age
13:13 Double-Bit Axe
13:13 Horse Collar
15:03 Gold Mining
16:19 Bow Saw
16:47 Wheelbarrow
20:13 Scale Mail Armor
21:30 Forging
22:09 Chain Mail Armor
23:15 Loom
25:44 Iron Casting
[COBRA] EsauxD
11:26 Feudal Age
14:21 Castle Age
12:36 Double-Bit Axe
13:22 Gold Mining
13:38 Horse Collar
22:45 Gold Shaft Mining
22:11 Heavy Plow
22:03 Stone Mining
22:39 Bow Saw
25:30 Bloodlines
25:21 Husbandry
26:53 Wheelbarrow
27:03 Scale Barding Armor
28:06 Forging
28:42 Hand Cart
[COBRA]HECTTOR
11:05 Feudal Age
15:10 Castle Age
13:33 Double-Bit Axe
13:38 Horse Collar
14:28 Gold Mining
14:35 Loom
14:46 Fletching
15:43 Loom
15:58 Crossbowman
16:49 Loom
17:05 Bodkin Arrow
19:27 Loom
20:43 Ballistics
27:25 Forging
Walmart
8:51 Feudal Age
9:17 Wheelbarrow
8:36 Double-Bit Axe
11:37 Horse Collar
11:45 Loom
17:49 Castle Age
16:13 Gold Mining
17:30 Scale Barding Armor
17:36 Forging
18:42 Husbandry
24:22 Iron Casting
27:29 Hand Cart
Connection lost

Rejoining the realm…

Still unreachable

The connection could not be restored.

Session expired

The server has moved on; the page needs a fresh start.